 Dungeon Crawl Stone Soup version 0.18.1-50-g88ac8fd (webtiles) character file.

117 magog001 the Shield-Bearer (level 4, -2/40 HPs)
             Began as a Minotaur Fighter on Apr 22, 2017.
             Slain by a gnoll (6 damage)
             ... on level 3 of the Dungeon.
             The game lasted 00:14:28 (1910 turns).

magog001 the Shield-Bearer (Minotaur Fighter)       Turns: 1910, Time: 00:14:29

Health: -2/40      AC:  7    Str: 21    XL:     4   Next: 71%
Magic:  3/3        EV:  8    Int:  5    God:
Gold:   111        SH:  9    Dex: 10    Spells: 0 memorised, 3 levels left

rFire  . . .     SeeInvis .     a - +1 war axe
rCold  . . .     Gourm    .     b - +0 scale mail
rNeg   . . .     Faith    .     c - +0 shield
rPois  .         Spirit   .     (helmet restricted)
rElec  .         Dismiss  .     (no cloak)
rCorr  .         Reflect  .     (no gloves)
SustAt .         Harm     .     (no boots)
MR     .....                    (no amulet)
Stlth  ..........               (no ring)
                                (no ring)

@: very slightly contaminated, not resistant to hostile enchantments, extremely
unstealthy
A: retaliatory headbutt, horns 2
a: no special abilities


You were on level 3 of the Dungeon.
You were not hungry.

You visited 1 branch of the dungeon, and saw 3 of its levels.

You collected 111 gold pieces.

Inventory:

Hand Weapons
 a - a +1 war axe (weapon)
 m - a +0 hunting sling
Missiles
 e - 26 sling bullets
 k - 44 arrows
 n - 3 needles of paralysis
 s - 25 bolts
 y - 2 tomahawks (quivered)
Armour
 b - a +0 scale mail (worn)
 c - a +0 shield (worn)
Jewellery
 o - an uncursed ring of positive energy {unknown}
 D - an uncursed ring of resist corrosion {unknown}
Scrolls
 h - 8 scrolls of identify
 r - 5 scrolls of amnesia
 E - a scroll of fear {unknown}
Potions
 d - a potion of might
 g - a potion of cancellation {unknown}
 q - 2 potions of curing {unknown}
 v - a potion of resistance {unknown}
 x - a potion of ambrosia {unknown}
 A - a potion of degeneration {unknown}
Comestibles
 f - 2 bread rations
 l - 2 slices of pizza
 t - a royal jelly
 z - 6 chunks of flesh
 B - 2 meat rations


   Skills:
 + Level 4.3 Fighting
 + Level 2.9 Axes
 + Level 4.5 Armour
 + Level 1.9 Dodging
 + Level 4.6 Shields


You had 3 spell levels left.
You didn't know any spells.

Dungeon Overview and Level Annotations

Branches:
Dungeon (3/15)

Altars:


Innate Abilities, Weirdness & Mutations

You reflexively headbutt those who attack you in melee.
You have a pair of horns on your head.


Message History

The gnoll barely misses you. You furiously retaliate!
You headbutt the gnoll. The gnoll hits you.
* * * LOW HITPOINT WARNING * * *
The gnoll shouts!
You hit the gnoll. Your headbutt misses the gnoll.
The gnoll is moderately wounded.
You closely miss the gnoll.
The gnoll is lightly wounded.
The gnoll closely misses you. You block the gnoll's attack.
The gnoll hits you but does no damage. You block the gnoll's attack.
The gnoll hits you from afar with a spear.
* * * LOW HITPOINT WARNING * * *
A gnoll comes into view.
The gnoll shouts!
You hit the gnoll.
The gnoll is heavily wounded.
You slash the gnoll!
The gnoll is severely wounded.
The gnoll hits you but does no damage. The gnoll hits you.
You die...

+# '######### .#
.........# .#
g...g.g)g######g#
g......gggggg.@.#
.......ggggOg.g.#
+##############.#
.# .# +#
++++#######
...........
....≈≈≈≈≈≈≈


You could see an ogre, a gnoll shaman and 13 gnolls.

Vanquished Creatures
  An adder (D:3)
  7 gnolls (D:3)
  A dart slug (D:2)
  A giant gecko (D:3)
  3 bats (D:1)
  3 giant cockroaches (D:2)
  4 goblins
  3 hobgoblins (D:2)
  4 jackals (D:3)
  2 quokkas (D:2)
  4 kobolds
  8 rats
41 creatures vanquished.

Notes
Turn   | Place    | Note
--------------------------------------------------------------
     0 | D:1      | magog001 the Minotaur Fighter began the quest for the Orb.
     0 | D:1      | Reached XP level 1. HP: 19/19 MP: 0/0
   706 | D:1      | Reached XP level 2. HP: 27/27 MP: 1/1
  1400 | D:2      | Reached XP level 3. HP: 33/33 MP: 2/2
  1598 | D:3      | Reached skill level 1 in Dodging
  1858 | D:3      | Reached XP level 4. HP: 40/40 MP: 3/3
  1894 | D:3      | Noticed an ogre
  1910 | D:3      | Slain by a gnoll

Skill      XL: |  1  2  3 |
---------------+----------+-----
Armour         | 4 |  4.5
Fighting       | 4 |  4.3
Shields        | 4 |  4.6
Dodging        | 1 |  1.9
Axes           | |  2.9

Action                   |  1- 3 |  4- 6 || total
-------------------------+-------+-------++-------
Melee: War axe           |    99 |     8 ||   107
       Headbutt          |     9 |     2 ||    11
  Use: Scroll            |       |     7 ||     7
  Eat: Chunk             |     3 |       ||     3
Armor: Scale mail        |    52 |     9 ||    61
Dodge: Dodged            |    28 |    11 ||    39
Block: Shield            |    63 |    14 ||    77
